Map: Abyssal Reef LE

Players

Yata - Winner!

  • Race: Zerg Zerg
  • League: Platinum
  • Spawn Location: 5:00

crizpiz

  • Race: Protoss Protoss
  • League: Platinum
  • Spawn Location: 11:00

VOD

Have the link to the VOD?

Description

Time

  • Played on: Sept. 17, 2017, 5:32 p.m.
  • Length: 18:41
Show
View Real Time Build Order
Export as new Build Order

Yata Zerg - Winner!

Build Orders: Hatch First 

Get SALT Encoding   

  12  0:00  Drone  
  13  0:13  Overlord  
  13  0:19  Drone  
  14  0:31  Drone x2  
  14  0:35  Drone  
  17  0:55  Drone  
  17  0:56  Hatchery  
  17  1:10  Extractor  
  16  1:11  Drone  
  16  1:15  Spawning Pool  
  16  1:19  Drone  
  16  1:21  Drone  
  18  1:34  Drone  
  19  1:40  Drone  
  21  2:21  Spine Crawler, Queen  
  22  2:33  Metabolic Boost  
  22  2:51  Overlord x3  
  21  3:20  Zergling x4  
  21  3:22  Hatchery  
  22  3:28  Zergling x2  
  22  3:32  Extractor  
  22  3:38  Queen  
  24  3:45  Drone x3  
  27  3:57  Baneling Nest  
  27  3:59  Drone  
  27  4:01  Drone x2  
  27  4:02  Drone  
  30  4:10  Evolution Chamber  
  29  4:18  Lair  
  29  4:39  Zerg Melee Weapons Level 1  
  29  4:43  Drone x7  
  36  4:59  Drone x3  
  39  5:08  Overlord  
  39  5:13  Drone x6  
  44  5:28  Hydralisk Den  
  43  5:31  Drone  
  44  5:41  Hatchery  
  44  5:42  Evolution Chamber  
  42  5:44  Zergling x10  
  42  5:45  Zergling x2  
  48  5:51  Spore Crawler  
  48  5:53  Spore Crawler  
  46  6:02  Hydralisk  
  46  6:03  Hydralisk x5  
  58  6:06  Overlord x2  
  58  6:09  Muscular Augments  
  58  6:13  Zerg Missile Weapons Level 1  
  58  6:23  Queen  
  60  6:27  Queen  
  60  6:32  Overseer  
  62  6:37  Zerg Ground Armor Level 1  
  62  6:41  Zergling x2  
  62  6:42  Zergling x10  
  68  6:55  Queen  
  65  7:17  Hydralisk x3  
  65  7:19  Queen  
  71  7:31  Queen  
  71  7:38  Hydralisk  
  66  7:57  Drone x15  
  81  8:01  Overlord  
  81  8:19  Queen  
  83  8:23  Hatchery  
  82  8:27  Queen  
  82  8:28  Queen  
  86  8:38  Zerg Missile Weapons Level 2  
  86  8:43  Hydralisk x2  
  90  8:53  Extractor x2  
  90  8:54  Drone x2  
  90  8:58  Overlord x5  
  90  8:59  Overlord x2  
  90  9:04  Overseer  
  90  9:08  Spore Crawler  
  89  9:12  Drone  
  89  9:16  Drone x3  
  89  9:17  Drone x3  
  96  9:31  Hydralisk x4  
  96  9:33  Zergling x2  
  96  9:34  Zergling x4  
  107  9:40  Pneumatized Carapace  
  107  9:59  Zergling x2  
  108  10:00  Zergling x16  
  108  10:03  Zerg Ground Armor Level 2  
  116  10:12  Extractor  
  116  10:13  Extractor  
  114  10:15  Drone x12  
  114  10:21  Hydralisk x2  
  126  10:25  Drone  
  131  10:41  Hydralisk x6  
  143  10:45  Overlord x4  
  143  10:59  Zerg Melee Weapons Level 2  
  143  11:07  Hydralisk x4  
  143  11:09  Zergling x2  
  143  11:10  Zergling x32  
  168  11:24  Overlord x3  
  168  11:25  Overlord  
  168  11:36  Baneling x14  
  168  11:37  Baneling  
  168  12:04  Drone x3  
  168  12:05  Drone  
  167  12:12  Hydralisk x10  
  188  12:15  Zergling x2  
  188  12:16  Zergling x22  
  177  12:31  Zergling x10  
  177  12:32  Zergling x10  
  177  12:35  Overseer  
  187  12:38  Overseer  
  187  12:39  Overseer  
  187  12:43  Overseer  
  134  12:59  Hydralisk  
  134  13:00  Hydralisk x10  
  155  13:10  Zergling x2  
  155  13:11  Zergling x12  
  146  13:31  Hydralisk x8  
  156  13:36  Overlord x3  
  156  13:46  Infestation Pit  
  155  13:51  Zergling x10  
  155  13:55  Zergling x2  
  161  13:56  Zergling x6  
  161  14:00  Hatchery  
  161  14:01  Baneling x10  
  163  14:11  Hatchery  
  163  14:16  Hydralisk  
  163  14:17  Hydralisk x7  
  150  14:43  Hydralisk x9  
  150  14:44  Hydralisk  
  163  14:46  Zergling x2  
  163  14:47  Zergling x2  
  163  14:51  Zergling x4  
  162  15:10  Overseer x3  
  154  15:32  Zergling x18  
  154  15:33  Zergling x26  
  174  15:42  Queen  
  176  15:43  Queen  
  176  15:46  Hive  
  174  16:08  Zergling x18  
  174  16:09  Zergling x20  
  192  16:11  Zergling x2  
  192  16:12  Overlord x2  
  191  16:28  Drone x4  
  116  17:25  Hatchery  
  116  17:26  Zergling x18  
  116  17:27  Zergling x30  
  132  17:44  Zergling x2  
  132  17:45  Zergling x4  
  133  18:03  Hatchery  
  127  18:06  Hatchery  
Show
View Real Time Build Order
Export as new Build Order

crizpiz Protoss 

Build Orders: Cannon Rush 

Get SALT Encoding   

  12  0:02  Probe (Chrono Boost)  
  13  0:13  Probe (Chrono Boost)  
  14  0:23  Probe (Chrono Boost)  
  14  0:25  Pylon  
  15  0:43  Probe (Chrono Boost)  
  15  0:47  Forge  
  16  0:54  Probe (Chrono Boost)  
  17  1:05  Gateway  
  17  1:08  Pylon  
  17  1:37  Pylon  
  17  1:38  Pylon  
  17  1:42  Pylon  
  17  1:44  Pylon  
  17  1:48  Photon Cannon  
  17  1:58  Photon Cannon  
  17  1:59  Photon Cannon  
  17  2:30  Nexus  
  19  2:43  Photon Cannon  
  17  2:45  Probe (Chrono Boost)  
  17  2:51  Assimilator  
  18  3:06  Pylon  
  18  3:07  Probe (Chrono Boost)  
  18  3:09  Assimilator  
  19  3:15  Zealot  
  21  3:23  Probe (Chrono Boost)  
  22  3:32  Cybernetics Core  
  22  3:40  Pylon  
  22  3:44  Probe (Chrono Boost)  
  24  3:48  Probe (Chrono Boost)  
  24  3:55  Probe (Chrono Boost)  
  24  4:04  Probe (Chrono Boost)  
  24  4:06  Probe (Chrono Boost)  
  26  4:14  Mothership Core (Chrono Boost)  
  28  4:18  Probe (Chrono Boost)  
  28  4:21  Warp Gate (Chrono Boost)  
  29  4:29  Probe  
  30  4:34  Assimilator  
  30  4:37  Probe  
  30  4:39  Pylon  
  30  4:41  Probe  
  32  4:46  Gateway  
  32  4:48  Probe  
  33  4:56  Probe  
  33  4:59  Probe  
  35  5:08  Gateway  
  35  5:09  Gateway  
  35  5:11  Probe  
  35  5:13  Probe  
  36  5:20  Adept  
  39  5:23  Protoss Ground Weapons Level 1 (Chrono Boost)  
  39  5:30  Gateway  
  39  5:41  Twilight Council  
  39  5:44  Gateway  
  39  5:47  Probe x2  
  41  6:10  Adept x4  
  49  6:12  Resonating Glaives (Chrono Boost)  
  49  6:15  Photon Cannon  
  49  6:20  Probe  
  50  6:30  Probe  
  50  6:32  Adept x3  
  57  6:36  Adept  
  53  7:13  Adept  
  53  7:14  Adept x4  
  57  7:22  Probe  
  56  7:23  Probe  
  56  7:29  Assimilator  
  55  7:34  Probe  
  55  7:35  Probe  
  55  7:36  Templar Archives  
  57  7:38  Robotics Facility  
  57  7:41  Pylon  
  47  7:48  Adept x2  
  47  7:49  Adept x3  
  47  7:50  Adept  
  59  7:56  Probe  
  59  7:57  Probe  
  61  8:01  Psionic Storm  
  61  8:03  Photon Cannon  
  61  8:08  Probe  
  61  8:10  Pylon, Protoss Air Weapons Level 1  
  62  8:17  High Templar  
  64  8:26  Probe  
  65  8:34  Nexus  
  65  8:39  Photon Cannon  
  65  8:44  Photon Cannon  
  65  8:45  High Templar x2  
  69  8:54  Observer  
  70  8:56  Zealot  
  70  8:57  Zealot x2  
  76  9:03  Charge (Chrono Boost)  
  76  9:10  Stalker  
  78  9:22  Pylon  
  78  9:24  Pylon  
  78  9:25  Assimilator  
  78  9:27  High Templar  
  78  9:30  Assimilator  
  80  9:43  High Templar  
  80  9:44  Zealot  
  80  9:45  Adept x2  
  88  9:46  Zealot  
  90  9:55  Immortal  
  90  9:56  Probe  
  95  10:03  Zealot  
  95  10:07  Probe  
  98  10:17  Probe  
  99  10:32  Stalker x3  
  99  10:33  Stalker x3  
  111  10:35  Protoss Ground Weapons Level 2  
  111  10:40  Nexus, Probe  
  112  10:51  Probe  
  113  11:01  Probe  
  114  11:08  Pylon x2  
  114  11:10  Pylon  
  114  11:12  Probe  
  114  11:18  Probe  
  116  11:21  Pylon  
  116  11:27  Observer  
  116  11:29  Probe  
  118  11:36  Stargate  
  118  11:40  Probe  
  118  11:41  Pylon, Photon Cannon  
  119  11:50  High Templar x2, Probe  
  119  11:51  High Templar x2  
  128  11:56  Assimilator  
  128  11:57  Assimilator, Probe  
  128  12:00  Photon Cannon  
  129  12:01  Probe  
  129  12:08  Probe  
  130  12:09  Pylon  
  130  12:11  Probe  
  130  12:12  Archon  
  130  12:13  Archon  
  132  12:18  Probe  
  132  12:22  Photon Cannon x2  
  133  12:24  Photon Cannon  
  115  12:35  High Templar  
  115  12:36  High Templar x2  
  115  12:37  High Templar  
  123  12:39  Archon  
  123  12:41  Archon  
  123  12:43  High Templar x2  
  127  12:47  Probe  
  128  12:57  Archon  
  128  12:58  Probe  
  97  13:13  Adept x2  
  97  13:14  Adept x2  
  87  13:29  Adept  
  86  13:36  High Templar x4  
  86  13:37  Adept  
  96  13:42  Probe  
  97  13:53  Probe  
  97  13:55  Probe  
  98  13:59  High Templar  
  98  14:00  High Templar  
  103  14:06  Immortal  
  107  14:11  Adept x2  
  107  14:12  Stalker x2  
  109  14:37  Adept x2  
  109  14:38  Adept x2  
  63  14:58  Dark Shrine  
  63  14:59  Gateway  
  44  15:00  Cybernetics Core  
  44  15:01  Gateway  
  44  15:05  Gateway x2  
  40  15:07  Sentry  
  40  15:08  Sentry x2  
  44  15:14  Sentry  
  44  15:15  Sentry  
  44  15:23  Sentry  
  46  15:40  Probe  
  45  16:10  Dark Templar x3  
  45  16:11  Dark Templar x5  
  54  16:12  Dark Templar  
  47  16:28  Mothership Core  
  41  16:57  Dark Templar x2  
  41  16:58  Dark Templar  
  41  16:59  Dark Templar  
Tags
 
Add a new tag
Caveats
  • Supply blocks, unpowered buildings, or Contaminate may cause inaccurate times.
  • Supply counts are checked every 10 seconds.